 Dungeon Crawl Stone Soup version 0.23-a0-448-g1c01f63 (webtiles) character file.

12228 MisterFreud the Nimble (level 11, 0/105 HPs)
             Began as a Troll Hunter on Nov 20, 2018.
             Was a Believer of Ru.
             Slain by a blink frog (19 damage)
             ... on level 1 of the Lair of Beasts.
             The game lasted 00:24:03 (9587 turns).

MisterFreud the Nimble (Troll Hunter)               Turns: 9587, Time: 00:24:04

Health: 0/105      AC:  9    Str: 25    XL:     11   Next: 59%
Magic:  13/13      EV: 14    Int:  7    God:    Ru [**....]
Gold:   817        SH:  0    Dex: 10    Spells: 10/10 levels left

rFire    + . .     SeeInvis .     - Unarmed
rCold    . . .     Gourm    +   (no shield)
rNeg     . . .     Faith    .   I - +0 steam dragon scales
rPois    .         Spirit   .   (helmet restricted)
rElec    .         Reflect  .   w - +0 cloak
rCorr    .         Harm     +   (gloves unavailable)
MR       +....                  (boots unavailable)
Stlth    ..........             G - amulet of harm
HPRegen  0.67/turn              p - ring of protection from fire
MPRegen  0.13/turn              q - ring of protection from magic

@: no status effects
A: large, unfitting armour, claws 3, fast metabolism 3, gourmand, regeneration
1, shaggy fur 1, tough skin 2, no stealth, hated by all
a: Renounce Religion


You were on level 1 of the Lair of Beasts.
You worshipped Ru.
Ru was pleased with you.
You were not hungry.

You visited 3 branches of the dungeon, and saw 14 of its levels.

You collected 817 gold pieces.

Inventory:

Missiles
 c - 6 large rocks (quivered)
 d - 3 throwing nets
 j - 5 javelins
 k - 328 stones
 n - 47 tomahawks
 t - 6 silver tomahawks
 H - 3 steel tomahawks
Armour
 w - a +0 cloak (worn)
 I - +0 steam dragon scales (worn)
Jewellery
 p - a ring of protection from fire (left claw)
 q - a ring of protection from magic (right claw)
 G - an amulet of harm (around neck)
Wands
 b - a wand of scattershot (5)
 r - a wand of random effects (14)
 u - a wand of digging (11)
 B - a wand of acid (3)
 L - a wand of polymorph (8)
 M - a wand of flame (21)
 N - a wand of iceblast (11)
Scrolls
 a - 3 scrolls of teleportation
 e - 8 scrolls of remove curse
 i - 2 scrolls of enchant weapon
 o - 3 scrolls of identify
 y - a scroll of enchant armour {unknown}
 z - a scroll of magic mapping
 C - 3 scrolls of blinking
 F - a scroll of summoning {unknown}
 K - 2 scrolls of fog {unknown}
 O - a scroll of silence {unknown}
 P - a scroll of random uselessness {unknown}
Potions
 g - 2 potions of lignification
 h - 2 potions of heal wounds
 l - a potion of mutation {unknown}
 m - 3 potions of degeneration {unknown}
 s - 9 potions of curing
 v - 2 potions of magic {unknown}
 x - a potion of flight {unknown}
 A - a potion of brilliance {unknown}
 D - a potion of might {unknown}
 E - 3 potions of haste
Miscellaneous
 J - a phial of floods (inert)
Comestibles
 f - 23 rations


   Skills:
 - Level 6.1 Fighting
 - Level 5.0 Throwing
 + Level 10.4 Dodging
 - Level 10.0 Unarmed Combat
 - Level 4.2 Evocations


You had 10 spell levels left.
You didn't know any spells.
Your spell library contained the following spells:

 Spells                   Type           Power        Failure   Level  Hunger
 Apportation              Tloc           #.....       43%         1    ##.....
 Confusing Touch          Hex            #.....       43%         1    ##.....
 Corona                   Hex            #......      43%         1    ##.....
 Flame Tongue             Conj/Fire      #....        43%         1    ##.....
 Slow                     Hex            #.......     56%         2    ###....
 Throw Flame              Conj/Fire      #.....       56%         2    ###....
 Conjure Flame            Conj/Fire      #.......     80%         3    ####...
 Inner Flame              Hex/Fire       #.......     80%         3    ####...
 Portal Projectile        Hex/Tloc       #.....       80%         3    ####...
 Cause Fear               Hex            #.........   99%         4    #####..
 Leda's Liquefaction      Hex/Erth       #.........   99%         4    #####..
 Sticky Flame             Conj/Fire      #.......     99%         4    #####..
 Alistair's Intoxication  Tmut/Pois      #.......     100%        5    ######.
 Fireball                 Conj/Fire      #.........   100%        5    ######.
 Animate Skeleton         Necr           Unusable     N/A         1    N/A
 Summon Small Mammal      Summ           Unusable     N/A         1    N/A

Dungeon Overview and Level Annotations

Branches:
Dungeon (11/15)            Temple (1/1) D:7            Lair (2/6) D:9
  Swamp: Lair:2-4    Shoals: Lair:2-4     Snake: Lair:2-4    Spider: Lair:2-4
    Orc: D:9-12

Altars:
Ashenzari
Cheibriados
Elyvilon
Fedhas
Gozag
Hepliaklqana
Kikubaaqudgha
Makhleb
Nemelex Xobeh
Okawaru
Qazlal
Ru
Trog
Uskayaw
Wu Jian
Xom
Yredelemnul
Zin
The Shining One

Shops:
D:4 (

Annotations:
D:4 ghost vault mit 5 large rocks, Azzok's ghost, novice DDEE
Lair:1 exclusion: oklob plant


Innate Abilities, Weirdness & Mutations

You are too large for most types of armour.
You have claws for hands.
Your metabolism is lightning-fast.
You like to eat raw meat.
Your natural rate of healing is unusually fast.
You are covered in fur. (AC +1)
You have very tough skin. (AC +2)
You cannot be stealthy.
You are hated by all.


Message History

You claw the blink frog! Your claw misses the blink frog.
The blink frog is moderately wounded.
The blink frog completely misses you. The blink frog closely misses you.
The blink frog misses you.
The blink frog hits you but does no damage.
You scratch the blink frog.
The blink frog is heavily wounded.
The blink frog hits you!
* * * LOW HITPOINT WARNING * * *
The blink frog barely misses you.
You scratch the blink frog.
The blink frog is heavily wounded.
The blink frog completely misses you.
The blink frog hits you but does no damage.
You scratch the blink frog but do no damage.
The blink frog is heavily wounded.
The blink frog closely misses you. The blink frog hits you!
* * * LOW HITPOINT WARNING * * *
The blink frog hits you!
You die...

##.......#.P........####.........
#........}.#.......###...........
##.......+.#.......###.#.........
#........##.........#####........
####.#######.........⌠.##........
#.# #.............##.##### ###.#
######.#⌠.>.⌠###...### #.#.#
##### ##FF%.....# ###.... ##..#
##.#.###.@###....# ###.#.
###'####.#.#.##.#####'######.##.#
.........##.....###......##.....#
.........#.##............#..#.##.
.......................#.........
.............⌠.......⌠...+...⌠...
.........+.........#...#.#.......
.........#.##..#.#.#.....#.......
##'######.#.....###.....###.....#


You could see 2 blink frogs.

Vanquished Creatures
  Harold (D:8)
  Psyche (D:7)
  Joseph (D:8)
  2 spiny frogs (Lair:1)
  A rime drake (Lair:1)
  A troll (D:10)
  A hornet (D:9)
  4 hippogriffs
  2 wyverns
  A basilisk (Lair:1)
  19 yaks
  3 hungry ghosts
  A steam dragon (D:10)
  Duvessa (D:4)
  6 porcupines
  5 water moccasins
  A sky beast (D:6)
  3 ice beasts
  2 phantoms
  3 ogres (D:4)
  5 orc warriors
  A necrophage (D:8)
  2 wolves
  A centaur (D:10)
  A crocodile (Lair:1)
  A big kobold (D:8)
  8 bullfrogs
  Dowan (D:4)
  A scorpion (Lair:1)
  4 killer bees (D:10)
  3 wights (D:7)
  A howler monkey (D:4)
  2 electric eels (D:8)
  2 crimson imps
  A quasit (D:7)
  6 orc priests
  A centaur skeleton (D:5)
  8 hounds
  A jelly (D:7)
  A gnoll shaman (D:7)
  Crazy Yiuf (D:3)
  2 iguanas
  6 orc wizards
  4 worker ants
  2 hound skeletons
  A hound zombie (D:8)
  A howler monkey skeleton (D:6)
  11 adders
  11 gnolls
  A shadow imp (D:7)
  A white imp (D:9)
  An ooze (D:3)
  An adder zombie (D:9)
  An adder skeleton (D:10)
  4 worms
  A dart slug (D:3)
  5 leopard geckos
  44 orcs
  A ball python (D:6)
  11 giant cockroaches
  6 goblins
  7 hobgoblins
  9 jackals
  8 quokkas
  11 bats
  A frilled lizard (D:1)
  2 gnoll zombies (D:3)
  A jackal skeleton (D:5)
  16 kobolds
  A leopard gecko skeleton (D:7)
  A leopard gecko zombie (D:5)
  A quokka skeleton (D:4)
  7 rats
291 creatures vanquished.

Notes
Turn   | Place    | Note
-------+----------+-------------------------------------------
     0 | D:1      | MisterFreud the Troll Hunter began the quest for the Orb.
     0 | D:1      | Reached XP level 1. HP: 19/19 MP: 0/0
   116 | D:1      | Reached skill level 1 in Unarmed Combat
   134 | D:1      | Reached XP level 2. HP: 23/27 MP: 1/1
   678 | D:2      | Reached XP level 3. HP: 31/33 MP: 2/2
  1033 | D:2      | Reached XP level 4. HP: 39/41 MP: 3/3
  1877 | D:3      | Found a basalt altar of Yredelemnul.
  1909 | D:3      | Reached XP level 5. HP: 39/48 MP: 4/4
  2140 | D:3      | Reached skill level 5 in Unarmed Combat
  2201 | D:3      | Found a shattered altar of Ashenzari.
  2283 | D:3      | Found a runed door.
  2287 | D:3      | Noticed Crazy Yiuf
  2290 | D:3      | Killed Crazy Yiuf
  2375 | D:4      | Found a snail-covered altar of Cheibriados.
  2375 | D:4      | Found an ancient bone altar of Kikubaaqudgha.
  2417 | D:4      | Noticed an ogre
  2425 | D:4      | Killed an ogre
  2425 | D:4      | Reached XP level 6. HP: 19/55 MP: 5/5
  2488 | D:4      | Found Iseonk's Weapon Shop.
  2539 | D:4      | Reached XP level 7. HP: 42/62 MP: 6/6
  2754 | D:4      | Noticed Duvessa
  2760 | D:4      | Killed Duvessa
  2770 | D:4      | Noticed Dowan
  2819 | D:4      | Killed Dowan
  2962 | D:4      | Found a runed gate.
  2962 | D:4      | Found a runed gate.
  2962 | D:4      | Found a runed gate.
  2963 | D:4      | Noticed Azzok's ghost (novice DDEE)
  3100 | D:4      | Found an ornate altar of the Wu Jian Council.
  3175 | D:5      | Entered Level 5 of the Dungeon
  3490 | D:5      | Reached skill level 5 in Throwing
  3916 | D:6      | Reached XP level 8. HP: 66/70 MP: 7/7
  3991 | D:6      | Found a sparkling altar of Nemelex Xobeh.
  4119 | D:6      | Found a burning altar of Makhleb.
  4434 | D:7      | Found a staircase to the Ecumenical Temple.
  4453 | Temple   | Entered the Ecumenical Temple
  4621 | Temple   | Became a worshipper of Ru the Awakened
  4737 | D:7      | Reached skill level 5 in Dodging
  5138 | D:7      | Reached XP level 9. HP: 76/76 MP: 8/8
  5545 | D:7      | Found an opulent altar of Gozag.
  5635 | D:7      | Found a stormy altar of Qazlal.
  5746 | D:8      | Noticed Joseph
  5751 | D:8      | Noticed Psyche
  5757 | D:8      | Killed Joseph
  5767 | D:7      | You fall through a shaft for 3 floors!
  5767 | D:10     | Entered Level 10 of the Dungeon
  5781 | D:10     | Reached skill level 1 in Evocations
  5963 | D:10     | Gained mutation: You cannot be stealthy. [Ru sacrifice]
  6151 | D:10     | Reached XP level 10. HP: 49/87 MP: 12/12
  6866 | D:8      | Reached skill level 10 in Unarmed Combat
  6881 | D:8      | Noticed Harold
  6892 | D:8      | Killed Harold
  6892 | D:8      | Reached skill level 5 in Fighting
  6943 | D:8      | HP: 1/98 [yak (16)]
  6946 | D:8      | Reached XP level 11. HP: 19/105 MP: 13/13
  6948 | D:8      | HP: 3/105 [electric eel/bolt of electricity (18)]
  6960 | D:7      | Killed Psyche
  7384 | D:8      | Found a white marble altar of Elyvilon.
  7523 | D:8      | Gained mutation: You are hated by all. [Ru sacrifice]
  7523 | D:8      | Reached * piety under Ru
  7523 | D:8      | Reached ** piety under Ru
  7744 | D:9      | Found a staircase to the Lair.
  8502 | Lair:1   | Entered Level 1 of the Lair of Beasts
  8777 | Lair:1   | Noticed an oklob plant
  8894 | Lair:1   | Reached skill level 10 in Dodging
  9107 | Lair:1   | Identified Jaript's Incunabulum of Noxious Heat
  9587 | Lair:1   | Slain by a blink frog

Vault maps used:
D:1:      dpeg_arrival_simpleton_c
D:2:      hangedman_feature_mirror
D:3:      lemuel_coloured_pillars_altar, lemuel_zombie_altar_yredelemnul,
          first_ration, uniq_crazy_yiuf_cottage
D:4:      kennysheep_little_box, gammafunk_temple_overflow_elements,
          ebering_ghost_rock_garden, serial_shops, shop_coins,
          hangedman_minor_gate_pass, uniq_duvessa
D:6:      nemelex_xobeh_ov_fountains_minmay, kennysheep_mini
D:7:      marbit_many_paths, grunt_qazlal_sundering,
          minmay_temple_entry_statues_fountains
D:8:      elyvilon_altar_3, uniq_harold, uniq_psyche, uniq_joseph
D:9:      lair_entry_dummy, minmay_fire_ice_demons
D:11:     blue_anna_alchemist, uniq_josephine
Temple:   minmay_temple_forest_path
Lair:1:   beast_lair_carwin_4, infiniplex_staircase_pool_2,
          serial_bayou_shore_b, grunt_megastairs_1, minmay_lair_oklob_chamber
Lair:2:   nicolae_spider_entry_orb_guardian, serial_rivers,
          chequers_serial_rivers_room_a, chequers_serial_rivers_micro_d,
          chequers_serial_rivers_micro_e, chequers_serial_rivers_micro_a,
          chequers_serial_rivers_small_b, chequers_serial_rivers_marsh,
          beast_lair_carwin_8

Skill      XL: |  1  2  3  4  5  6  7  8  9 10 11 |
---------------+----------------------------------+-----
Unarmed Combat | 2 3 4 6 7 8 10 | 10.0
Throwing       | 5 |  5.0
Dodging        | 2 6 8 10 | 10.4
Evocations     | 4 |  4.2
Fighting       | 2 6 |  6.1

Action                   |  1- 3 |  4- 6 |  7- 9 | 10-12 || total
-------------------------+-------+-------+-------+-------++-------
Melee: Unarmed           |    88 |   161 |   400 |   286 ||   935
       Punch             |     2 |     4 |    15 |     7 ||    28
Throw: Large rock        |       |       |     1 |       ||     1
Invok: Sacrifice Stealth |       |       |     1 |       ||     1
       Sacrifice Love    |       |       |       |     1 ||     1
Evoke: Wand              |       |       |     3 |     6 ||     9
       Phial of floods   |       |       |       |     1 ||     1
  Use: Scroll            |       |       |    11 |     1 ||    12
       Potion            |       |       |     4 |     2 ||     6
 Stab: Sleeping          |     1 |     3 |     1 |       ||     5
       Invisible         |       |       |       |     1 ||     1
  Eat: Chunk             |    14 |    15 |    32 |    37 ||    98
Armor: Robe              |    43 |    58 |    85 |       ||   186
       Skin              |       |       |    67 |       ||    67
       Steam dragon scal |       |       |     1 |    74 ||    75
Dodge: Dodged            |    52 |    68 |   205 |   159 ||   484

Table legend:
 A = Non-vault XP
 B = Vault XP
 C = Vault XP percentage of total XP
 D = Non-vault monster count
 E = Vault monster count
 F = Vault count percentage of total count
                 A         B        C        D         E       F
            +---------+---------+-------+---------+---------+-------
      Total |   13782 |    3687 |  21.1 |     264 |      27 |   9.3
            +---------+---------+-------+---------+---------+-------
        D:1 |      36 |       0 |   0.0 |      14 |       0 |   0.0
        D:2 |     111 |      17 |  13.3 |      30 |       5 |  14.3
        D:3 |      96 |      41 |  29.9 |      21 |       3 |  12.5
        D:4 |     517 |     275 |  34.7 |      13 |       5 |  27.8
        D:5 |     326 |       0 |   0.0 |      24 |       0 |   0.0
        D:6 |     498 |       0 |   0.0 |      15 |       0 |   0.0
        D:7 |    1821 |     455 |  20.0 |      37 |       2 |   5.1
        D:8 |    2146 |    1432 |  40.0 |      27 |       2 |   6.9
        D:9 |    1238 |      59 |   4.5 |      17 |       2 |  10.5
       D:10 |    3967 |       0 |   0.0 |      49 |       0 |   0.0
     Lair:1 |    2825 |    1149 |  28.9 |      16 |       6 |  27.3
     Lair:2 |     201 |     259 |  56.3 |       1 |       2 |  66.7
            +---------+---------+-------+---------+---------+-------
